 Dungeon Crawl Stone Soup version 0.20-a0-1017-gc3250ce (webtiles) character file.

184 4thArraOfDagon the Skirmisher (level 5, 0/44 HPs)
             Began as a Barachi Monk on Apr 16, 2017.
             Slain by an ice beast (2 damage)
             ... on level 5 of the Dungeon.
             The game lasted 00:02:59 (860 turns).

4thArraOfDagon the Skirmisher (Barachi Monk)         Turns: 860, Time: 00:03:00

Health: 0/44       AC:  2    Str: 17    XL:     5   Next: 63%
Magic:  5/5        EV: 14    Int: 12    God:
Gold:   24         SH:  0    Dex: 14    Spells: 4/4 levels left

rFire    . . .     SeeInvis .     - Unarmed
rCold    + . .     Gourm    .   (no shield)
rNeg     . . .     Faith    .   a - +0 robe
rPois    .         Spirit   .   (no helmet)
rElec    .         Reflect  .   (no cloak)
rCorr    .         Harm     .   (no gloves)
MR       .....                  (no boots)
Stlth    ++........             (no amulet)
Regen    0.2/turn               e - ring of protection from cold
MPRegen  0.1/turn               (no ring)

@: mighty, slow
A: +LOS, swims, slowness 1, strong legs 1
a: Hop


You were on level 5 of the Dungeon.
You were not hungry.

You visited 1 branch of the dungeon, and saw 5 of its levels.

You collected 24 gold pieces.

Inventory:

Armour
 a - a +0 robe (worn)
Jewellery
 e - a ring of protection from cold (left hand)
Scrolls
 j - a scroll of amnesia
Potions
 f - a potion of cancellation
 g - a potion of magic
 i - a potion of might
Comestibles
 b - 2 bread rations
 h - a meat ration


   Skills:
 - Level 5.3 Fighting
 - Level 4.3 Dodging
 - Level 3.6 Stealth
 * Level 5.2 Unarmed Combat


You had 4 spell levels left.
You didn't know any spells.

Dungeon Overview and Level Annotations

Branches:
Dungeon (5/15)
 Temple: D:4-7

Altars:
Nemelex Xobeh
Trog


Innate Abilities, Weirdness & Mutations

Shadows flee at your approach. (+LOS)
You can swim through water.
You cover ground slowly.
You can hop short distances.


Message History

Your Unarmed Combat skill increases to level 4!
The centaur hits you.
* * * LOW HITPOINT WARNING * * *
Unknown command.
Unknown command.
You punch the centaur! Your punch misses the centaur.
The centaur is severely wounded.
The centaur completely misses you.
Unknown command.
You punch the centaur!
You kill the centaur!
Your Unarmed Combat skill increases to level 5!
You have reached level 5!
Unknown command.
You punch the ice beast!
The ice beast is moderately wounded.
The ice beast hits you.
* * * LOW HITPOINT WARNING * * *
The ice beast freezes you. You resist.
You die...

*,,,,* *,** *,,,,#
*,,, *,,,.#****,**
*,.Y..,,,,,*
**#.....,,,,,*
######..c....,,,,,*
#....'.......,,,,,*
###Y##.......,,,,,*
#@#*,...(..,,,,,*
#.#*,,.####******
#.#*,,,# #.#*,,,*
#.#***** #.# #.#
#.#### #...<#


You could see an ice beast.

Vanquished Creatures
  A centaur (D:5)
  A crimson imp (D:5)
  A hound (D:5)
  A howler monkey skeleton (D:4)
  An adder (D:4)
  A dart slug (D:1)
  2 leopard geckos
  An orc (D:3)
  A bat (D:1)
  A giant cockroach (D:1)
  A goblin (D:2)
  3 hobgoblins
  A jackal (D:3)
  2 kobolds
  3 rats
21 creatures vanquished.

Notes
Turn   | Place    | Note
-------+----------+-------------------------------------------
     0 | D:1      | 4thArraOfDagon the Barachi Monk began the quest for the Orb.
     0 | D:1      | Reached XP level 1. HP: 20/20 MP: 1/1
    44 | D:1      | Reached skill level 5 in Fighting
    92 | D:1      | Reached XP level 2. HP: 5/27 MP: 2/2
   330 | D:1      | Reached skill level 1 in Unarmed Combat
   485 | D:2      | Noticed a moth of wrath
   487 | D:2      | Found a bloodstained altar of Trog.
   706 | D:4      | Noticed a crimson imp
   727 | D:4      | Reached XP level 3. HP: 28/33 MP: 3/3
   734 | D:4      | Found a sparkling altar of Nemelex Xobeh.
   825 | D:5      | Entered Level 5 of the Dungeon
   848 | D:5      | Noticed a centaur
   848 | D:5      | Noticed an ice beast
   848 | D:5      | Reached XP level 4. HP: 10/39 MP: 4/4
   859 | D:5      | Killed a centaur
   859 | D:5      | Reached skill level 5 in Unarmed Combat
   859 | D:5      | Reached XP level 5. HP: 4/44 MP: 5/5
   860 | D:5      | HP: 2/44 [ice beast (2)]
   860 | D:5      | Slain by an ice beast

Vault maps used:
D:1:      noname_arrival_rooms_in_the_neighbourhood
D:2:      nicolae_ru_sacrificial_ziggurat, tgw_trog
D:4:      nemelex_xobeh_ov_fountains_minmay, temple_hall, first_bread
D:5:      lemuel_round_altar, uniq_sigmund

Skill      XL: |  1  2  3  4 |
---------------+-------------+-----
Fighting       | 5 |  5.3
Unarmed Combat | 2 3 5 |  5.2
Dodging        | |  4.3
Stealth        | |  3.6

Action                   |  1- 3 |  4- 6 || total
-------------------------+-------+-------++-------
Melee: Unarmed           |   150 |    10 ||   160
       Punch             |     1 |       ||     1
  Use: Scroll            |     6 |       ||     6
       Potion            |     1 |       ||     1
 Stab: Sleeping          |     1 |       ||     1
Armor: Robe              |    13 |     1 ||    14
Dodge: Dodged            |   104 |     8 ||   112
